 Dungeon Crawl Stone Soup version 0.27-a0-538-g15ff5c5295 (webtiles) character file.

Game seed: 11234561482599041640

8293 shoop the Fighter (level 11, -7/123 HPs)
             Began as an Ogre Hunter on Mar 6, 2021.
             Was a Priest of Ashenzari.
             Mangled by a hornet zombie (13 damage)
             ... on level 9 of the Dungeon.
             The game lasted 00:37:13 (20711 turns).

shoop the Fighter (Ogre Hunter)                    Turns: 20711, Time: 00:37:14

Health: -7/123     AC:  3    Str: 20    XL:     11   Next: 28%
Magic:  1/11       EV:  9    Int: 18    God:    Ashenzari [***...]
Gold:   591        SH:  0    Dex: 10    Spells: 10/10 levels left

rFire    . . .     SeeInvis +   F - +0 giant spiked club of Supernal Understanding {Alch, Comp} (curse)
rCold    . . .     Faith    .   (shield currently unavailable)
rNeg     + . .     Spirit   .   b - +0 robe of Curses and Power {Bglg, Melee} (curse)
rPois    .         Reflect  .   (helmet restricted)
rElec    .         Harm     .   (no cloak)
rCorr    .         Rampage  .   (gloves unavailable)
Will     +....     Clarity  +   (boots unavailable)
Stlth    +.........             (no amulet)
HPRegen  0.30/turn              o - ring of positive energy
MPRegen  0.12/turn              u - ring "Gnostic Gnosis" {Int+6, Melee, Evo} (curse)

@: studying Fighting
A: large, unfitting armour, tough skin 1
a: Renounce Religion, Curse Item, Shatter the Chains


You were on level 9 of the Dungeon.
You worshipped Ashenzari.
Ashenzari was most pleased with you.
You visited 1 branch of the dungeon, and saw 9 of its levels.
You also visited: Sewer and Bailey.

You collected 662 gold pieces.
You spent 71 gold pieces at shops.

Inventory:

Hand Weapons
 a - a +0 short sword
 e - a +0 club
 w - a +0 flail
 F - the cursed +0 giant spiked club of Supernal Understanding (weapon) {Alch, Comp}
   (You took it off an ogre on level 4 of the Dungeon)

   It has a curse placed upon it.
 I - a +0 quarterstaff
 M - a +1 bardiche of freezing
Missiles
 c - 5 large rocks
 d - 2 throwing nets
 f - 187 stones
 k - 10 boomerangs (quivered)
 n - 8 silver javelins
 B - 28 poisoned darts
 L - 20 javelins
Armour
 b - the cursed +0 robe of Curses and Power (worn) {Bglg, Melee}

   It has a curse placed upon it.
 K - a +2 kite shield
 P - a +0 troll leather armour
Jewellery
 o - a ring of positive energy (left hand)
 u - the cursed ring "Gnostic Gnosis" (right hand) {Int+6, Melee, Evo}
   (You found it on level 2 of the Dungeon)

   [ring of intelligence]

   It affects your intelligence (+6).
   It has a curse placed upon it.
 x - a ring of protection from cold
Wands
 t - a wand of acid (7)
 y - a wand of flame (9)
 E - a wand of random effects (18)
Scrolls
 g - a scroll of magic mapping
 l - 8 scrolls of teleportation
 p - 2 scrolls of immolation
 q - 2 scrolls of fear
 z - 3 scrolls of amnesia
 A - 7 scrolls of identify
 D - 2 scrolls of blinking
 J - 2 scrolls of fog
 N - 2 scrolls of enchant armour
Potions
 h - 5 potions of curing
 i - 2 potions of invisibility
 j - 6 potions of brilliance
 m - a potion of degeneration
 r - 7 potions of heal wounds
 s - 3 potions of mutation
 v - 4 potions of lignification
 C - 2 potions of haste
 G - a potion of ambrosia
 H - a potion of magic
 O - a potion of might


   Skills:
 + Level 12.2 Fighting
 * Level 10.8(14.3) Maces & Flails
 + Level 9.4 Throwing
 - Level 1.7 Dodging
 - Level 0.6 Stealth
 - Level 2.9(5.0) Evocations


You had 10 spell levels left.
You didn't know any spells.
Your spell library was empty.

Dungeon Overview and Level Annotations

Branches:
Dungeon (9/15)             Temple (0/1) D:7           Sewer (visited)
 Bailey (visited)
   Lair: D:8-11         Orc: D:9-12

Altars:
Ashenzari
Cheibriados
Elyvilon
Gozag
Nemelex Xobeh
Okawaru
Sif Muna
Trog
Uskayaw
Vehumet
Xom
Zin

Shops:
D:4 ?   D:6 *

Annotations:
D:2 exclusion: adder
D:5 3 runed translucent doors, Esekla's ghost, weakling SpDe


Innate Abilities, Weirdness & Mutations

You are too large for most types of armour.
You have tough skin. (AC +1)


Message History

The troll bites you. The troll claws you! The troll barely misses you.
You pound the troll like an anvil!!!
You kill the troll!
The +0 troll leather armour is intact enough to wear.
The eye of draining gazes at you.
You feel your power leaking away.
Your life force feels restored.
Things that are here:
a +0 troll leather armour; a troll corpse You impale the eye of draining!!
The eye of draining is heavily wounded.
A hornet zombie comes into view.
You puncture the eye of draining!
The eye of draining is almost dead.
The eye of draining gazes at you.
You feel your power leaking away.
You sock the eye of draining!
You kill the eye of draining!
P - a +0 troll leather armour You closely miss the hornet zombie.
The hornet zombie hits you.
You impale the hornet zombie!!
The hornet zombie is heavily damaged.
The hornet zombie hits you!
* * * LOW HITPOINT WARNING * * *
You closely miss the hornet zombie.
The hornet zombie is heavily damaged.
The hornet zombie hits you!
* * * LOW HITPOINT WARNING * * *
The hornet zombie hits you.
* * * LOW HITPOINT WARNING * * *
You closely miss the hornet zombie.
The hornet zombie is heavily damaged.
The hornet zombie hits you.
* * * LOW HITPOINT WARNING * * *
You thump the hornet zombie!
The hornet zombie is almost destroyed.
The hornet zombie hits you!
* * * LOW HITPOINT WARNING * * *
The hornet zombie hits you!
You die...

, , , * , * * * * *
, ,,* *** , , * * ,
##### * , , #)..#
*, * *
#.#.####@#.### * *
?.....†Z.#...###*,#
*
..#...)#####...##.#
*
.....).,,#.>......#
..###.#
,#.###.##..... .
#.* ... #.# .... *
** ,, #.*###* #.# *
## , ,., #.# , * *
# * ###.#


You could see a hornet zombie.

Vanquished Creatures
  2 two-headed ogres
  Psyche (D:8)
  A troll (D:9)
  Grinder (D:5)
  3 yaks
  Eustachio (D:7)
  Duvessa (D:5)
  A water moccasin (Sewer)
  10 orc warriors (Bailey)
  4 sky beasts
  2 ice beasts (D:5)
  5 ogres
  An eye of draining (D:9)
  11 centaurs
  5 phantoms
  2 gnoll sergeants (D:7)
  4 bullfrogs
  Dowan (D:5)
  2 scorpions
  12 wights
  2 howler monkeys
  2 bullfrog zombies
  A jelly (D:5)
  8 orc priests
  5 hounds
  A centaur skeleton (D:4)
  7 orc wizards
  9 worker ants
  A hound skeleton (D:8)
  12 adders
  3 gnolls
  2 river rats (D:5)
  2 shadow imps (D:5)
  2 white imps
  3 ufetubi
  2 oozes
  An adder skeleton (D:9)
  2 adder zombies
  3 worms
  A dart slug (D:1)
  6 leopard geckos
  49 orcs
  2 ball pythons
  A giant cockroach (D:2)
  6 goblins
  5 hobgoblins
  14 jackals
  11 kobolds
  3 quokkas
  8 bats
  4 frilled lizards
  2 quokka skeletons
  A quokka zombie (D:5)
  6 rats
257 creatures vanquished.

Notes
Turn   | Place    | Note
-------+----------+-------------------------------------------
     0 | D:1      | shoop the Ogre Hunter began the quest for the Orb.
     0 | D:1      | Reached XP level 1. HP: 22/22 MP: 1/1
   743 | D:1      | Reached XP level 2. HP: 21/29 MP: 2/2
  1065 | D:1      | Reached skill level 3 in Fighting
  1065 | D:1      | Reached skill level 1 in Maces & Flails
  1447 | D:1      | Reached XP level 3. HP: 20/37 MP: 3/3
  2982 | D:2      | Reached XP level 4. HP: 15/46 MP: 4/4
  4330 | D:2      | Reached skill level 4 in Fighting
  4330 | D:2      | Reached XP level 5. HP: 10/54 MP: 5/5
  4790 | D:3      | Found a snail-covered altar of Cheibriados.
  5389 | D:3      | Found a radiant altar of Vehumet.
  5755 | D:3      | Found a shimmering altar of Xom.
  5757 | D:3      | Found a glowing silver altar of Zin.
  5757 | D:3      | Found a sparkling altar of Nemelex Xobeh.
  6092 | D:3      | Found an iron altar of Okawaru.
  6094 | D:3      | Found a broken altar of Ashenzari.
  6097 | D:3      | Became a worshipper of Ashenzari the Shackled
  6230 | D:4      | Noticed an ogre
  6280 | D:4      | Found Laecedato's Magic Scroll Shop.
  6292 | D:4      | Bought a scroll of teleportation for 33 gold pieces
  6292 | D:4      | Bought a scroll of fear for 38 gold pieces
  6339 | D:4      | Reached XP level 6. HP: 47/63 MP: 6/6
  6532 | D:4      | Reached skill level 5 in Throwing
  6619 | D:4      | Reached skill level 5 in Fighting
  6818 | D:4      | Reached XP level 7. HP: 72/72 MP: 7/7
  6973 | D:4      | Found a bloodstained altar of Trog.
  7557 | D:4      | Reached skill level 5 in Maces & Flails
  7789 | D:5      | Entered Level 5 of the Dungeon
  8017 | D:5      | HP: 2/74 [river rat (9)]
  8023 | D:5      | HP: 1/74 [poisoned by an adder]
  8031 | D:5      | HP: 1/74 [poisoned by an adder]
  8185 | D:5      | Found a glowing drain.
  8226 | D:5      | Reached skill level 6 in Fighting
  8266 | Sewer    | Entered a sewer
  8659 | Sewer    | Reached XP level 8. HP: 83/83 MP: 8/8
  9653 | D:5      | HP: 2/84 [phantom (4)]
  9658 | D:5      | Reached skill level 1 in Evocations
  9972 | D:5      | Reached * piety under Ashenzari
  9972 | D:5      | Reached ** piety under Ashenzari
 10105 | D:5      | Noticed Duvessa
 10105 | D:5      | Noticed Dowan
 10122 | D:5      | Killed Duvessa
 10127 | D:5      | Killed Dowan
 10957 | D:5      | Reached skill level 7 in Fighting
 11576 | D:5      | Noticed Grinder
 11593 | D:5      | Killed Grinder
 11594 | D:5      | Reached XP level 9. HP: 16/93 MP: 9/9
 11902 | D:5      | Found a runed translucent gate.
 11904 | D:5      | Found a runed translucent gate.
 11904 | D:5      | Found an opulent altar of Gozag.
 11904 | D:5      | Found a runed translucent gate.
 11907 | D:5      | Noticed Esekla's ghost (weakling SpDe)
 12316 | D:6      | Identified the +1 chain mail of Complete Protection {Dex+3}
 12766 | D:6      | Reached *** piety under Ashenzari
 12769 | D:6      | Found a bloodstained altar of Trog.
 12936 | D:6      | Reached skill level 8 in Fighting
 13156 | D:6      | Found Diqaw's General Store.
 13346 | D:7      | Found a white marble altar of Elyvilon.
 13417 | D:7      | Found a flagged portal.
 13797 | Bailey   | Entered a bailey
 13978 | Bailey   | Reached skill level 9 in Fighting
 13978 | Bailey   | Reached XP level 10. HP: 94/107 MP: 10/10
 17269 | D:7      | Found a staircase to the Ecumenical Temple.
 17444 | D:7      | Reached skill level 10 in Fighting
 17782 | D:7      | Found a shimmering blue altar of Sif Muna.
 17823 | D:7      | Noticed Eustachio
 17958 | D:7      | Noticed a two-headed ogre
 17964 | D:7      | Killed a two-headed ogre
 18031 | D:7      | Killed Eustachio
 18032 | D:7      | Reached skill level 10 in Maces & Flails
 18207 | D:8      | Found an opulent altar of Gozag.
 18456 | D:8      | Reached skill level 11 in Fighting
 18466 | D:8      | Noticed Psyche
 18477 | D:8      | Killed Psyche
 18509 | D:8      | Identified the cursed +0 giant spiked club of Supernal
                  | Understanding {Alch, Comp} (You took it off an ogre on
                  | level 4 of the Dungeon)
 18509 | D:8      | Identified the cursed +0 robe of Curses and Power {Bglg,
                  | Melee}
 18509 | D:8      | Identified the cursed ring "Gnostic Gnosis" {Int+6, Melee,
                  | Evo} (You found it on level 2 of the Dungeon)
 18649 | D:8      | Found a hide-covered altar of Uskayaw.
 18821 | D:8      | Reached XP level 11. HP: 49/120 MP: 11/11
 19201 | D:8      | Noticed a two-headed ogre
 19214 | D:8      | Killed a two-headed ogre
 20383 | D:8      | Reached skill level 12 in Fighting
 20711 | D:9      | HP: 6/123 [hornet zombie (9)]
 20711 | D:9      | Mangled by a hornet zombie

Illustrated notes

Levels and vault maps discovered:
D:1:      minmay_arrival_five_plusses, layout_basic
D:2:      layout_basic, kennysheep_generic_room_7
D:3:      layout_loops_ring, minitemple, kennysheep_slug_shrine,
          vehumet_crystals
D:4:      layout_cave_pods, kennysheep_little_box, serial_shops, shop_coins,
          chequers_avenue, amethyst_killhole
D:5:      layout_basic, ebering_ghost_gozag, gup_sewer_entry_bubbles,
          sigmund_army, uniq_grinder, uniq_duvessa
D:6:      layout_loops_corners, serial_shops, shop, trog_three_pillars_becter
D:7:      layout_rooms, kennysheep_mini_moat, elyvilon_altar_5,
          minmay_temple_entry_tees, enter_bailey_2, sword_in_stone
D:8:      layout_gridville, marbit_many_paths, kennysheep_mini, uniq_psyche
D:9:      layout_loops_ring, special_room [special_room_orc]

Skill      XL: |  1  2  3  4  5  6  7  8  9 10 11 |
---------------+----------------------------------+-----
Fighting       | 3 4 5 6 7 9 11 12 | 12.2
Maces & Flails | 1 2 3 4 5 7 8 10 | 10.8
Throwing       | 5 6 7 9 |  9.4
Evocations     | 2 |  2.9
Dodging        | |  1.7
Stealth        | |  0.6

Action                   |  1- 3 |  4- 6 |  7- 9 | 10-12 || total
-------------------------+-------+-------+-------+-------++-------
Melee: Club              |   181 |    24 |       |       ||   205
       Flail             |       |   122 |     1 |       ||   123
       Giant spiked club |       |       |   339 |   194 ||   533
       Unarmed           |       |       |       |     2 ||     2
Throw: Stone             |    78 |    85 |   129 |   373 ||   665
       Large rock        |     3 |       |     3 |       ||     6
       Boomerang         |     1 |    12 |    19 |    34 ||    66
       Dart              |       |     2 |     1 |       ||     3
Invok: Curse Item        |       |       |     3 |       ||     3
Evoke: Wand              |       |       |     6 |       ||     6
  Use: Potion            |       |       |     2 |       ||     2
 Stab: Petrified         |       |       |     3 |       ||     3
       Sleeping          |       |       |       |     2 ||     2
Armor: Robe              |    67 |    29 |   121 |    24 ||   241
Dodge: Dodged            |   117 |    69 |   200 |    86 ||   472

Table legend: (Time is in decaauts)
 A = Elapsed time spent in this place.
 B = Non-inter-level travel time spent in this place.
 C = Inter-level travel time spent in this place.
 D = Time resting spent in this place.
 E = Time spent auto-exploring this place.
 F = Levels seen in this place.
 G = Mean time per level.
                   A        B        C        D        E       F      G
               +--------+--------+--------+--------+--------+-----+--------+
         Total |  20870 |  20466 |    404 |   5817 |  11138 |  11 | 1897.3 |
       Dungeon |  17432 |  17028 |    404 |   4860 |   9808 |   9 | 1936.9 |
         Sewer |    480 |    480 |      0 |    274 |     84 |   1 |  480.0 |
        Bailey |   2957 |   2957 |      0 |    682 |   1246 |   1 | 2957.0 |
               +--------+--------+--------+--------+--------+-----+--------+

Top non-repeatable levels by time:
     D:5: 3591 daAuts
  Bailey: 2957 daAuts
     D:2: 2706 daAuts
     D:4: 2326 daAuts
     D:8: 2247 daAuts
     D:1: 1959 daAuts
     D:7: 1807 daAuts
     D:3: 1447 daAuts
     D:6: 1064 daAuts
   Sewer: 480 daAuts
     D:9: 281 daAuts
